[Event "Titled Tuesday Blitz May 9 Early 2023"]
[White "Concio, Michael Jr."]
[Black "Yeritsyan, Hayk"]
[WhiteFideId "5217873"]
[BlackFideId "13307320"]
[WhiteElo "2263"]
[BlackElo "2513"]
[Result "1-0"]
[Round "02"]
[TimeControl "180+2"]
[Date "2023.05.09"]
[WhiteClock "0:00:08"]
[BlackClock "0:00:04"]

1. e4 e5 2. Nf3 Nc6 3. Nc3 Nf6 4. Be2 d5 5. exd5 Nxd5 6. d3 Be7 7. O-O O-O 8. h3 Be6 9. Re1 Nxc3 10. bxc3 Qd7 11. Bf1 Bf6 12. Bg5 Bxg5 13. Nxg5 Bf5 14. Qf3 h6 15. Ne4 Bxe4 16. Qxe4 Rad8 17. g3 Qd5 18. Qa4 Qc5 19. Qb3 b6 20. Bg2 Na5 21. Qb4 Rfe8 22. Qxc5 bxc5 23. Rab1 Rb8 24. Rxb8 Rxb8 25. Rxe5 Rb1+ 26. Kh2 Rb2 27. a4 Rxc2 28. Rxc5 Nb3 29. Rxc7 Rxf2 30. g4 Rc2 31. Kg3 Nc1 32. Be4 Rxc3 33. Rxa7 g6 34. Rd7 Ra3 35. Kf3 g5 36. Ke3 Rxa4 37. Rc7 Na2 38. Bd5 Nb4 39. Bxf7+ Kf8 40. Bc4 Ra1 41. Ke4 Rf1 42. Ke5 Rf4 43. d4 Nc2 44. d5 Ne3 45. Bd3 Ke8 46. d6 Kd8 47. Ra7 Nc4+ 48. Kd5 Nb6+ 49. Kc6 Nc8 50. Rd7+ Ke8 51. Bg6+ Kf8 52. Rd8+ Kg7 53. Rxc8 Kxg6 54. d7 Rc4+ 55. Kb5 Rd4 56. d8=Q Rxd8 57. Rxd8 h5 58. Rd6+ Kf7 59. gxh5 1-0


[Site "https://www.chess.com"]

[Event "Titled Tuesday Blitz May 9 Early 2023"]
[White "Goltsev, Dmitry"]
[Black "Shvedova, Alexandra"]
[WhiteFideId "24176710"]
[BlackFideId "54154782"]
[WhiteElo "2356"]
[BlackElo "1973"]
[Result "1-0"]
[Round "02"]
[TimeControl "180+2"]
[Date "2023.05.09"]
[WhiteClock "0:01:11"]
[BlackClock "0:00:17"]

1. e4 c5 2. Nf3 d6 3. d4 cxd4 4. Nxd4 Nf6 5. Nc3 a6 6. Be2 e5 7. Nb3 Be7 8. Be3 Be6 9. O-O O-O 10. f4 exf4 11. Bxf4 Nc6 12. Kh1 Rc8 13. Nd4 Bd7 14. Nf5 Bxf5 15. exf5 d5 16. Bf3 d4 17. Ne2 Qb6 18. g4 Rfd8 19. Bg3 Nd5 20. Bxd5 Rxd5 21. Nf4 Rd7 22. Nh5 Qb5 23. Qf3 Ne5 24. Qe4 f6 25. g5 Qc6 26. Qxc6 Rxc6 27. Bxe5 fxe5 28. f6 Bf8 29. Rae1 g6 30. Ng3 Bd6 31. Re2 Kf7 32. Ne4 Bb8 33. h4 d3 34. cxd3 Rxd3 35. Kg2 Rc8 36. Rf3 Rxf3 37. Kxf3 Rc1 38. Rd2 Bc7 39. Rd7+ Ke8 40. f7+ Kf8 41. Nf6 Rf1+ 42. Ke2 1-0


[Site "https://www.chess.com"]

[Event "Titled Tuesday Blitz May 9 Early 2023"]
[White "Pham, Le Thao Nguyen"]
[Black "Karthik Rajaa"]
[WhiteFideId "12401226"]
[BlackFideId "25035215"]
[WhiteElo "2286"]
[BlackElo "2215"]
[Result "0-1"]
[Round "02"]
[TimeControl "180+2"]
[Date "2023.05.09"]
[WhiteClock "0:00:00"]
[BlackClock "0:00:37"]

1. d4 Nf6 2. Nf3 g6 3. g3 Bg7 4. Bg2 O-O 5. O-O d6 6. b3 b5 7. Bb2 Bb7 8. Nbd2 Nbd7 9. c4 bxc4 10. Nxc4 c5 11. Rc1 a5 12. a4 Ra6 13. Ne1 Bxg2 14. Nxg2 Qa8 15. Nf4 cxd4 16. Nd3 e5 17. Ba3 Ne4 18. f3 Nc3 19. Qd2 Qb8 20. e3 Bh6 21. f4 Qxb3 22. Bxd6 Qxc4 23. Bxf8 Bxf8 24. Nxe5 Nxe5 25. fxe5 Bc5 26. Kh1 Qd5+ 27. Qg2 Qxg2+ 28. Kxg2 Re6 29. exd4 Bxd4 30. Rf6 Rxf6 31. exf6 Bxf6 32. Kf3 Nxa4 33. Rc8+ Kg7 34. Ra8 Bc3 35. Rc8 Bb4 36. Rc4 Nb6 37. Rc6 Nd5 38. h4 Nc3 39. Ra6 h5 40. Ke3 f5 41. Kf4 Kh6 42. Kf3 a4 43. Ra7 a3 44. Ke3 Bc5+ 0-1


[Site "https://www.chess.com"]

[Event "Titled Tuesday Blitz May 9 Early 2023"]
[White "Prohaszka, Peter"]
[Black "Sousa, Andre Ventura"]
[WhiteFideId "726265"]
[BlackFideId "1917617"]
[WhiteElo "2626"]
[BlackElo "2333"]
[Result "1/2-1/2"]
[Round "02"]
[TimeControl "180+2"]
[Date "2023.05.09"]
[WhiteClock "0:00:03"]
[BlackClock "0:00:30"]

1. d4 Nf6 2. c3 d5 3. Nf3 c6 4. Bf4 Bf5 5. Qb3 Qb6 6. e3 e6 7. Nbd2 Nbd7 8. c4 Qxb3 9. axb3 Bb4 10. h3 Bc2 11. Ke2 Ne4 12. Rc1 Nxd2 13. Nxd2 Bg6 14. g4 h5 15. Bg2 a5 16. Nb1 Ke7 17. Nc3 hxg4 18. hxg4 Rxh1 19. Bxh1 Bxc3 20. Rxc3 a4 21. cxd5 exd5 22. bxa4 Rxa4 23. Rb3 b5 24. Rc3 Ra2 25. Rxc6 Rxb2+ 26. Kd1 Rb1+ 27. Rc1 Rxc1+ 28. Kxc1 Be4 29. f3 Bd3 30. Kd2 Bc4 31. Kc3 Nf8 32. e4 Ne6 33. Be3 Nd8 34. f4 Kd6 35. e5+ Ke7 36. Bf3 Nc6 37. f5 b4+ 38. Kd2 g6 39. Bd1 gxf5 40. gxf5 Kd7 41. Bh5 Nd8 42. Bg5 Nc6 43. Bxf7 Nxd4 44. e6+ Kd6 45. e7 Bb5 46. f6 Nf3+ 47. Ke3 Nxg5 48. e8=Q Bxe8 49. Bxe8 Ne6 50. Kd3 Kc5 51. Kc2 d4 52. Bd7 Nf8 53. Bf5 Kd5 54. Kb3 Ke5 55. Bd3 Kxf6 56. Kxb4 Ke5 57. Kc4 Nd7 58. Bh7 Nf6 59. Bg6 Ng4 60. Kd3 Ne3 61. Bh7 Nd5 62. Kd2 Nf4 63. Bb1 Kf6 64. Bd3 Kg5 65. Bb1 Kh4 66. Bd3 Kg4 67. Be4 Kg5 68. Kc2 Kf6 69. Kd2 Ke5 70. Bd3 Kd6 71. Be2 Kc5 72. Bd3 Kb4 73. Kc2 Nd5 74. Be2 Nc3 75. Bd3 Na4 76. Bg6 Nc5 77. Kd2 Kb3 78. Bf7+ Kb2 79. Bg8 d3 80. Bh7 Ka1 81. Bxd3 1/2-1/2


[Site "https://www.chess.com"]

[Event "Titled Tuesday Blitz May 9 Early 2023"]
[White "Shuvalova, Polina"]
[Black "Perera Alfonso, Rene Humberto"]
[WhiteFideId "24171760"]
[BlackFideId "3514722"]
[WhiteElo "2281"]
[BlackElo "2313"]
[Result "1-0"]
[Round "02"]
[TimeControl "180+2"]
[Date "2023.05.09"]
[WhiteClock "0:00:37"]
[BlackClock "0:00:53"]

1. Nf3 d5 2. g3 Nf6 3. d4 Bg4 4. Bg2 e6 5. Nbd2 Nbd7 6. h3 Bh5 7. O-O Be7 8. Re1 O-O 9. c3 c5 10. Ne5 Nxe5 11. dxe5 Nd7 12. Nf3 Rc8 13. Bf4 g5 14. Bd2 h6 15. g4 Bg6 16. h4 gxh4 17. Bxh6 Re8 18. Qd2 Bf8 19. Bg5 Be7 20. Qf4 Be4 21. Bxe7 Qxe7 22. g5 Kg7 23. Nxh4 Bxg2 24. Kxg2 Rh8 25. Rh1 Rcg8 26. Nf3 Kf8 27. Rxh8 Rxh8 28. Rh1 Rxh1 29. Kxh1 Ke8 30. Kg2 Nb6 31. e4 Kd7 32. exd5 Nxd5 33. Qa4+ Kc7 34. Qxa7 Nf4+ 35. Kg3 Nd3 36. Qa5+ Kb8 37. b4 cxb4 38. cxb4 Qxb4 39. Qxb4 Nxb4 40. Nd4 Nxa2 41. Nxe6 Nc3 42. Nd4 Kc7 43. f4 Kd7 44. f5 b5 45. Kf4 b4 46. Nb3 Nd5+ 47. Ke4 Ne7 48. Nd4 Nc8 49. Kd5 Ke8 50. Kc4 Nb6+ 51. Kxb4 Nd7 52. Nf3 Nf8 53. Kc4 Nh7 54. Kd5 Nf8 55. Kd6 Nd7 56. Nd4 Nb6 57. f6 Nc4+ 58. Kd5 Nb6+ 59. Ke4 Kf8 60. Kf5 Nd5 61. e6 fxe6+ 62. Nxe6+ Kg8 63. g6 Ne3+ 64. Kg5 1-0


[Site "https://www.chess.com"]

[Event "Titled Tuesday Blitz May 9 Early 2023"]
[White "Rodchenkov, Sergey D."]
[Black "Ovetchkin, Roman"]
[WhiteFideId "4168712"]
[BlackFideId "4119991"]
[WhiteElo "2277"]
[BlackElo "2398"]
[Result "1-0"]
[Round "02"]
[TimeControl "180+2"]
[Date "2023.05.09"]
[WhiteClock "0:02:12"]
[BlackClock "0:01:41"]

1. e4 c6 2. d4 d5 3. exd5 cxd5 4. Bd3 Nc6 5. c3 Qc7 6. h3 e5 7. dxe5 Qxe5+ 8. Ne2 Bc5 9. Bf4 Qh5 10. Nd2 Nf6 11. Nf3 O-O 12. Ng3 Re8+ 13. Kf1 1-0


[Site "https://www.chess.com"]

[Event "Titled Tuesday Blitz May 9 Early 2023"]
[White "Sowul, Bartosz"]
[Black "Schmakel, Sam"]
[WhiteFideId "1137590"]
[BlackFideId "2039311"]
[WhiteElo "2188"]
[BlackElo "2356"]
[Result "0-1"]
[Round "02"]
[TimeControl "180+2"]
[Date "2023.05.09"]
[WhiteClock "0:00:13"]
[BlackClock "0:01:03"]

1. e4 g6 2. d4 Bg7 3. Nc3 d6 4. Be3 a6 5. Nf3 b5 6. Bd3 Nd7 7. h4 h5 8. e5 Nb6 9. Qe2 Nh6 10. O-O-O Bf5 11. Ne4 Qc8 12. Kb1 O-O 13. Nfg5 Ng4 14. Bc1 c5 15. exd6 c4 16. dxe7 Re8 17. Nd6 cxd3 18. cxd3 Qd7 19. Nxe8 Rxe8 20. f3 Rxe7 21. Qc2 Ne3 22. Bxe3 Rxe3 23. Rhe1 Qxd4 24. Rxe3 Qxe3 25. Qb3 Nc4 26. Ka1 Bxb2+ 27. Kb1 Qe2 28. g4 Na3+ 29. Qxa3 Bxa3 0-1


[Site "https://www.chess.com"]

[Event "Titled Tuesday Blitz May 9 Early 2023"]
[White "Zhu, Jiner"]
[Black "Topalov, Aleksandar"]
[WhiteFideId "8608059"]
[BlackFideId "925659"]
[WhiteElo "2384"]
[BlackElo "2151"]
[Result "1-0"]
[Round "02"]
[TimeControl "180+2"]
[Date "2023.05.09"]
[WhiteClock "0:00:06"]
[BlackClock "0:00:00"]

1. c4 Nf6 2. Nc3 g6 3. e4 d6 4. d4 Bg7 5. Nf3 O-O 6. Be2 c5 7. d5 e6 8. O-O Re8 9. Nd2 Na6 10. Re1 Nc7 11. a4 b6 12. Bf1 Rb8 13. Kh1 a6 14. dxe6 Nxe6 15. Nb3 Nd4 16. f3 Nh5 17. Nxd4 cxd4 18. Nd5 Qh4 19. Kg1 Be5 20. g3 Nxg3 21. hxg3 Qxg3+ 22. Bg2 Bh3 23. Qc2 Qh2+ 24. Kf1 Qh1+ 25. Ke2 Qxg2+ 26. Kd1 Qxf3+ 27. Qe2 Qb3+ 28. Kd2 Be6 29. Ra3 d3 30. Qxd3 Qxd3+ 31. Rxd3 Bxd5 32. Rxd5 Rbc8 33. b3 f5 34. Kd3 Bg3 35. Re2 fxe4+ 36. Rxe4 Rxe4 37. Kxe4 Rc5 38. Be3 Rc6 39. Kf3 Be5 40. a5 bxa5 41. Rxa5 Kf7 42. Ke4 Ke6 43. Ra2 h5 44. Rg2 Kf7 45. Rf2+ Ke6 46. Rg2 Kf7 47. Rf2+ Kg7 48. c5 Bf6 49. Kd5 Rxc5+ 50. Bxc5 dxc5 51. Kxc5 a5 52. Kb5 Bc3 53. Kc4 Bb4 54. Kd5 g5 55. Ke4 Kg6 56. Rc2 g4 57. Rc6+ Kg5 58. Rc8 g3 59. Rg8+ Kh4 60. Kf3 Be1 61. Kg2 Bf2 62. Rg6 Be1 63. Re6 Bf2 64. Re5 Bb6 65. Re6 Bc7 66. Re7 Bb6 67. Re4+ Kg5 68. Kxg3 Bc5 69. Re8 Bb4 70. Kf3 1-0


[Site "https://www.chess.com"]

[Event "Titled Tuesday Blitz May 9 Early 2023"]
[White "Leiva, Gianmarco"]
[Black "Titichoca Daza, Daniel"]
[WhiteFideId "3804399"]
[BlackFideId "3309550"]
[WhiteElo "2365"]
[BlackElo "2101"]
[Result "1-0"]
[Round "02"]
[TimeControl "180+2"]
[Date "2023.05.09"]
[WhiteClock "0:00:26"]
[BlackClock "0:00:00"]

1. c4 e6 2. Nc3 d5 3. d4 Nf6 4. Bg5 Be7 5. e3 O-O 6. Nf3 a6 7. Rc1 Nbd7 8. cxd5 exd5 9. Bd3 Re8 10. Bxf6 Nxf6 11. Ne5 c5 12. O-O Bd6 13. f4 b5 14. Qf3 cxd4 15. exd4 Qb6 16. Qf2 b4 17. Na4 Qa5 18. Nc5 Bxc5 19. Rxc5 Qxa2 20. Rc7 Rf8 21. Rfc1 Ne4 22. Qc2 b3 23. Qc6 Qxb2 24. Bxe4 Qxd4+ 25. Kh1 dxe4 26. Qxa8 b2 27. Rb1 Qd2 28. Rxc8 1-0


[Site "https://www.chess.com"]

[Event "Titled Tuesday Blitz May 9 Early 2023"]
[White "Bayasgalan, Khishigbaatar"]
[Black "Averjanov, Alexey"]
[WhiteFideId "4904311"]
[BlackFideId "14109867"]
[WhiteElo "2057"]
[BlackElo "2706"]
[Result "1-0"]
[Round "02"]
[TimeControl "180+2"]
[Date "2023.05.09"]
[WhiteClock "0:00:11"]
[BlackClock "0:00:24"]

1. d4 d5 2. c4 dxc4 3. Nc3 a6 4. a4 Nc6 5. Nf3 Nf6 6. e4 Bg4 7. Be3 Bxf3 8. gxf3 e5 9. d5 Na5 10. Rg1 g6 11. Rc1 Bd6 12. Bh6 Nh5 13. Bg5 f6 14. Be3 Qd7 15. Qc2 Nf4 16. Bxf4 exf4 17. Ne2 Be5 18. Rd1 O-O 19. Nd4 Rfe8 20. Bxc4 Nxc4 21. Qxc4 Kh8 22. Ne6 c6 23. Nc5 Qh3 24. d6 b6 25. d7 Red8 26. Ne6 Qxf3 27. Nxd8 Rxd8 28. Rd3 Qh5 29. Qf7 Bc7 30. Qxf6+ Kg8 31. Qe6+ Kg7 32. Rg4 Qa5+ 33. Kf1 Qb4 34. h4 Rf8 35. h5 Qc5 36. hxg6 h6 37. d8=Q Qc1+ 38. Rd1 Qc5 39. Qdd7+ Kh8 40. Qh7# 1-0


[Site "https://www.chess.com"]

[Event "Titled Tuesday Blitz May 9 Early 2023"]
[White "Xie, Bryan"]
[Black "Perez Gormaz, Matias"]
[WhiteFideId "30941296"]
[BlackFideId "3406342"]
[WhiteElo "2033"]
[BlackElo "2362"]
[Result "0-1"]
[Round "02"]
[TimeControl "180+2"]
[Date "2023.05.09"]
[WhiteClock "0:00:11"]
[BlackClock "0:00:05"]

1. d4 Nf6 2. Nf3 e6 3. Bf4 Be7 4. e3 b6 5. Bd3 c5 6. c3 Ba6 7. O-O O-O 8. h3 Bxd3 9. Qxd3 d6 10. Nbd2 Nc6 11. a4 Qd7 12. Nc4 Rfd8 13. Rfd1 Qb7 14. Bh2 Rac8 15. Rac1 Bf8 16. Qb1 Qa6 17. Qa2 b5 18. Ncd2 cxd4 19. exd4 Rb8 20. b3 bxa4 21. bxa4 Nd5 22. Ne4 Na5 23. Nfd2 Qe2 24. Re1 Qd3 25. Qc2 Qa6 26. Ng5 g6 27. c4 Nb4 28. Qe4 Bg7 29. Qf4 Rb7 30. Nde4 Nd3 31. Qf3 Nxe1 32. Rxe1 f5 33. Nxd6 Rxd6 34. Bxd6 Qxd6 35. Rxe6 Rb1+ 36. Qd1 Rxd1+ 37. Re1 Rxe1# 0-1


[Site "https://www.chess.com"]

[Event "Titled Tuesday Blitz May 9 Early 2023"]
[White "Silva Lucena, Cristian"]
[Black "Lavrik, Dmitry"]
[WhiteFideId "2232588"]
[BlackFideId "24113190"]
[WhiteElo "2223"]
[BlackElo "2345"]
[Result "0-1"]
[Round "02"]
[TimeControl "180+2"]
[Date "2023.05.09"]
[WhiteClock "0:00:06"]
[BlackClock "0:00:13"]

1. e4 c5 2. Nf3 d6 3. d4 cxd4 4. Nxd4 Nf6 5. Nc3 Nc6 6. Bc4 Qb6 7. Ndb5 a6 8. Be3 Qa5 9. Nd4 Ne5 10. Nb3 Qc7 11. Be2 e6 12. O-O Be7 13. f4 Nc4 14. Bxc4 Qxc4 15. e5 Ne4 16. Qd3 Qxd3 17. cxd3 Nxc3 18. bxc3 O-O 19. Bb6 Bd7 20. Na5 Bc6 21. Nxc6 bxc6 22. a4 dxe5 23. fxe5 c5 24. a5 Rfb8 25. d4 cxd4 26. cxd4 Rc8 27. Rfc1 Kf8 28. Kf2 Ke8 29. Ke3 Kd7 30. Ke4 f5+ 31. Kd3 Bg5 32. Rxc8 Rxc8 33. Rb1 Be7 34. h3 g5 35. Ba7 Rc7 36. Bb8 Rc6 37. Rb7+ Ke8 38. Rb6 Rxb6 39. axb6 Kd7 40. Bc7 Kc6 41. Kc4 h5 42. Kb3 g4 43. hxg4 fxg4 44. Kc4 h4 45. Kd3 h3 46. gxh3 gxh3 47. d5+ exd5 48. e6 a5 49. Kc3 a4 50. Kb2 d4 51. Kc2 a3 52. Kb3 d3 53. Be5 Kxb6 54. Kc4 d2 0-1


[Site "https://www.chess.com"]

[Event "Titled Tuesday Blitz May 9 Early 2023"]
[White "Tisaj, Domen"]
[Black "Hadzimanolis, Antonios"]
[WhiteFideId "14628708"]
[BlackFideId "4202813"]
[WhiteElo "2340"]
[BlackElo "2242"]
[Result "1/2-1/2"]
[Round "02"]
[TimeControl "180+2"]
[Date "2023.05.09"]
[WhiteClock "0:00:09"]
[BlackClock "0:00:10"]

1. Nf3 Nf6 2. g3 d5 3. Bg2 c5 4. O-O Nc6 5. d4 e6 6. c4 dxc4 7. dxc5 Qxd1 8. Rxd1 Bxc5 9. Nbd2 c3 10. bxc3 O-O 11. Nb3 Be7 12. Bg5 h6 13. Bf4 Nd5 14. Bd2 Bd7 15. c4 Nb6 16. Be3 Rfd8 17. Rac1 Ba3 18. Rc2 Be8 19. Nfd4 Nb4 20. Rc3 Nxa2 21. Rc2 Nb4 22. Rc3 Na4 23. Rcc1 Bxc1 24. Rxc1 Nc6 25. Nb5 a6 26. Na3 Ne7 27. Na5 Bc6 28. Nxb7 Bxg2 29. Nxd8 Be4 30. f3 Bxf3 31. Nxf7 Bxe2 32. Ne5 Rc8 33. g4 h5 34. h3 hxg4 35. hxg4 Nb2 36. Rc2 Nd3 37. Nxd3 Bxd3 38. Rc3 Be2 39. g5 Nd5 40. Rb3 Bd1 41. Rd3 Be2 42. Rb3 Bxc4 43. Nxc4 Rxc4 44. Bd2 Rd4 45. Rb2 Kf7 46. Kf2 Kg6 47. Kf3 Rc4 48. Ra2 Rc6 49. Ke4 Nc3+ 50. Bxc3 Rxc3 51. Rxa6 Kxg5 52. Rxe6 g6 53. Ra6 Rc1 54. Kf3 Rf1+ 55. Kg2 Rf5 56. Ra8 Kg4 57. Ra4+ Rf4 58. Ra3 g5 59. Rg3+ Kh4 60. Ra3 Rb4 61. Ra8 Rb2+ 62. Kg1 Rb3 63. Ra2 Kg4 64. Kg2 Kh4 65. Rc2 g4 66. Ra2 Rc3 67. Rb2 Rg3+ 68. Kh2 Rh3+ 69. Kg2 Rg3+ 70. Kh2 Rc3 71. Ra2 Rd3 72. Rc2 Rf3 73. Rb2 Rf4 74. Kg2 g3 75. Ra2 Kg4 76. Rb2 Re4 77. Rc2 Rd4 78. Re2 Rc4 79. Ra2 Rd4 80. Rc2 Rf4 81. Ra2 Rf2+ 82. Rxf2 gxf2 83. Kxf2 1/2-1/2


[Site "https://www.chess.com"]

[Event "Titled Tuesday Blitz May 9 Early 2023"]
[White "Aaditya Dhingra"]
[Black "Gatterer, Florian"]
[WhiteFideId "25678191"]
[BlackFideId "811688"]
[WhiteElo "2083"]
[BlackElo "2221"]
[Result "0-1"]
[Round "02"]
[TimeControl "180+2"]
[Date "2023.05.09"]
[WhiteClock "0:00:42"]
[BlackClock "0:00:18"]

1. Nf3 d5 2. c4 c6 3. g3 Nf6 4. Bg2 g6 5. b3 Bg7 6. Bb2 O-O 7. O-O Bg4 8. d3 Bxf3 9. Bxf3 Nbd7 10. e3 Re8 11. Nc3 e6 12. d4 a5 13. Bg2 Nb6 14. Qd3 a4 15. c5 a3 16. Bc1 Nbd7 17. f4 b6 18. b4 bxc5 19. bxc5 Qa5 20. Rb1 Reb8 21. Bd2 Qa7 22. Qc2 h5 23. h3 Ne8 24. Rxb8 Rxb8 25. Rb1 Rxb1+ 26. Qxb1 Nxc5 27. dxc5 Qxc5 28. Ne2 Nd6 29. Qb4 Qc2 30. Kf2 Nc4 31. Bc1 Qxa2 32. g4 hxg4 33. hxg4 Bb2 34. Qb8+ Kg7 35. Kf3 Bxc1 36. Nxc1 Qc2 37. Ne2 Qe4+ 38. Kf2 Qxe3+ 39. Ke1 a2 40. Qa8 Qd2+ 41. Kf2 Qb2 0-1


[Site "https://www.chess.com"]

[Event "Titled Tuesday Blitz May 9 Early 2023"]
[White "ArrestingPieces"]
[Black "djokovic74"]
[WhiteElo "2370"]
[BlackElo "2693"]
[Result "1-0"]
[Round "02"]
[TimeControl "180+2"]
[Date "2023.05.09"]
[WhiteClock "0:00:43"]
[BlackClock "0:00:10"]

1. e4 e6 2. d4 d5 3. Nd2 Nf6 4. e5 Nfd7 5. Bd3 c5 6. c3 Nc6 7. Ne2 cxd4 8. cxd4 f6 9. exf6 Nxf6 10. Nf3 Bd6 11. O-O Qc7 12. Bg5 O-O 13. Bh4 Nh5 14. Qc2 h6 15. Bh7+ Kh8 16. Bg6 Rxf3 17. Bxh5 Rf5 18. Bg6 Bxh2+ 19. Kh1 Bd6 20. Bxf5 exf5 21. Rae1 Qf7 22. Bg3 Bb4 23. Nc3 Bd7 24. a3 Ba5 25. Be5 Nxe5 26. dxe5 Bxc3 27. Qxc3 d4 28. Qxd4 Bb5 29. e6 Qh5+ 30. Kg1 Bxf1 31. Rxf1 Re8 32. Re1 Qg6 33. Qd7 Kh7 34. e7 f4 35. Qxb7 a6 36. Qe4 Qxe4 37. Rxe4 g5 38. g3 fxg3 39. fxg3 Kg7 40. g4 Kf7 41. Kf2 Rxe7 42. Rxe7+ Kxe7 43. Ke3 a5 44. b3 Kf6 45. Kd4 h5 46. gxh5 g4 47. Ke3 Kg5 48. b4 axb4 49. axb4 Kxh5 50. b5 Kh4 51. Kf2 Kh3 52. Kg1 g3 53. b6 g2 54. b7 Kg4 55. b8=Q Kf5 56. Kxg2 Ke4 57. Qd6 Ke3 58. Qb4 Ke2 59. Qc3 Kd1 60. Qb2 Ke1 61. Kf3 Kd1 62. Ke3 Ke1 63. Qe2# 1-0


[Site "https://www.chess.com"]

[Event "Titled Tuesday Blitz May 9 Early 2023"]
[White "Sammed Jaykumar, Shete"]
[Black "Hinds, Nathan"]
[WhiteFideId "5073421"]
[BlackFideId "7400730"]
[WhiteElo "2278"]
[BlackElo "2001"]
[Result "1-0"]
[Round "02"]
[TimeControl "180+2"]
[Date "2023.05.09"]
[WhiteClock "0:01:13"]
[BlackClock "0:00:14"]

1. d4 Nf6 2. Nf3 e6 3. Bf4 d5 4. e3 Bd6 5. c3 Bxf4 6. exf4 c5 7. Nbd2 cxd4 8. Nxd4 O-O 9. Bd3 Nc6 10. N2f3 Re8 11. O-O Bd7 12. Re1 Nxd4 13. Nxd4 Qb6 14. Qd2 g6 15. h4 a6 16. a4 Bc6 17. f3 Qc7 18. g4 Bd7 19. Kg2 e5 20. fxe5 Rxe5 21. Rxe5 Qxe5 22. Re1 Qd6 23. a5 Re8 24. Rxe8+ Bxe8 25. Qe3 Bd7 26. Ne2 Qe6 27. Qd4 Qc6 28. Nf4 Ne8 29. Nxd5 Be6 30. Ne7+ 1-0


[Site "https://www.chess.com"]

[Event "Titled Tuesday Blitz May 9 Early 2023"]
[White "Rangel, Daniel"]
[Black "Colas, Joshua"]
[WhiteFideId "2124475"]
[BlackFideId "2044447"]
[WhiteElo "2256"]
[BlackElo "2347"]
[Result "1-0"]
[Round "02"]
[TimeControl "180+2"]
[Date "2023.05.09"]
[WhiteClock "0:01:28"]
[BlackClock "0:00:00"]

1. c4 e6 2. g3 d5 3. Bg2 Nf6 4. Nf3 Be7 5. O-O O-O 6. b3 b6 7. Bb2 Bb7 8. Ne5 Nbd7 9. d4 Nxe5 10. dxe5 Ne4 11. Nd2 Nc5 12. Qc2 dxc4 13. Nxc4 Bxg2 14. Kxg2 Qd5+ 15. f3 Rad8 16. Rfd1 Qc6 17. e4 Rxd1 18. Rxd1 Rd8 19. Rxd8+ Bxd8 20. Qd2 Be7 21. Ba3 h6 22. Bxc5 Qxc5 23. a4 a6 24. f4 b5 25. axb5 axb5 26. Na5 Kh7 27. Kh3 Qa3 28. Nc6 Qc5 29. Qd7 Bf8 30. Nd8 Qf2 31. Qxf7 Qf1+ 32. Kh4 Bc5 33. Nxe6 Bf8 34. Nxf8+ Kh8 35. Ng6+ 1-0


[Site "https://www.chess.com"]

[Event "Titled Tuesday Blitz May 9 Early 2023"]
[White "Kucuksari, Kaan"]
[Black "Kalajzic, Ivan"]
[WhiteFideId "6380166"]
[BlackFideId "14506378"]
[WhiteElo "2364"]
[BlackElo "2203"]
[Result "1/2-1/2"]
[Round "02"]
[TimeControl "180+2"]
[Date "2023.05.09"]
[WhiteClock "0:00:06"]
[BlackClock "0:00:18"]

1. d4 Nc6 2. d5 Ne5 3. f4 Ng6 4. e4 e5 5. dxe6 dxe6 6. Qxd8+ Kxd8 7. Nf3 Nf6 8. e5 Nd5 9. g3 Bc5 10. a3 a5 11. c4 Ne3 12. Bd3 Bd7 13. Ke2 Ng4 14. h3 Nf2 15. Rf1 Nxd3 16. Kxd3 Ke7 17. Be3 b6 18. Nc3 Bc6 19. Ke2 Bxe3 20. Kxe3 Rhd8 21. Rad1 h6 22. Nd4 Bb7 23. Ncb5 Rac8 24. Na7 c5 25. Ndb5 Rxd1 26. Rxd1 Rd8 27. Rxd8 Kxd8 28. Nd6 Ba6 29. Nxf7+ Ke7 30. Nd6 Kd7 31. Nab5 Bxb5 32. Nxb5 Ne7 33. Ke4 g6 34. Nd6 h5 35. Nf7 a4 36. g4 hxg4 37. hxg4 Kc6 38. Nd6 Ng8 39. Nb5 Ne7 40. Nc3 Nc8 41. Nxa4 b5 42. cxb5+ Kxb5 43. Nc3+ Kc4 44. f5 gxf5+ 45. gxf5 exf5+ 46. Kxf5 Kb3 47. a4 Kxb2 48. Nb5 Kb3 49. a5 Kb4 50. Nd6 Ne7+ 51. Ke6 Nc6 52. a6 Ka5 53. Kd5 Nb4+ 54. Kxc5 Nxa6+ 55. Kc6 Nb4+ 56. Kc5 Nd3+ 57. Kd4 Nxe5 1/2-1/2


[Site "https://www.chess.com"]

[Event "Titled Tuesday Blitz May 9 Early 2023"]
[White "Djokic, Mihailo"]
[Black "Kohler, Aran"]
[WhiteFideId "976440"]
[BlackFideId "1002856"]
[WhiteElo "2294"]
[BlackElo "2337"]
[Result "1-0"]
[Round "02"]
[TimeControl "180+2"]
[Date "2023.05.09"]
[WhiteClock "0:01:16"]
[BlackClock "0:00:19"]

1. e4 c6 2. d4 d5 3. e5 c5 4. dxc5 e6 5. Nf3 Bxc5 6. Bd3 Ne7 7. Nbd2 Ng6 8. Nb3 Be7 9. h4 Nc6 10. Qe2 Nxh4 11. Nxh4 Bxh4 12. Qg4 Be7 13. Qxg7 Kd7 14. Rxh7 Rxh7 15. Qxh7 Nxe5 16. Bb5+ Nc6 17. Qxf7 Qf8 18. Nc5+ Kd6 19. Qxf8 Bxf8 20. Nd3 e5 21. Bd2 a6 22. Bxc6 bxc6 23. Bb4+ Ke6 24. Bxf8 e4 25. Nc5+ Kf7 26. Bd6 Bg4 27. Kd2 Rd8 28. Bf4 d4 29. Nxe4 Ke6 30. Re1 Kf5 31. f3 Kxf4 32. fxg4 Kxg4 33. Rf1 Rb8 34. b3 a5 35. a4 1-0


[Site "https://www.chess.com"]

[Event "Titled Tuesday Blitz May 9 Early 2023"]
[White "Ankerst, Mihael"]
[Black "Srihari L R"]
[WhiteFideId "14602369"]
[BlackFideId "46617116"]
[WhiteElo "2324"]
[BlackElo "2334"]
[Result "0-1"]
[Round "02"]
[TimeControl "180+2"]
[Date "2023.05.09"]
[WhiteClock "0:00:00"]
[BlackClock "0:00:16"]

1. e4 c5 2. Nf3 e6 3. d4 cxd4 4. Nxd4 a6 5. c4 Nf6 6. Nc3 Qc7 7. Be2 Nc6 8. O-O Nxd4 9. Qxd4 Bd6 10. g3 h5 11. Bg5 Be5 12. Qd2 h4 13. f4 Bxc3 14. Qxc3 Qc5+ 15. Kg2 hxg3 16. hxg3 Nxe4 17. Qxg7 Qf8 18. Qxf8+ Rxf8 19. Bh4 b6 20. Rad1 Bb7 21. Bf3 Rh8 22. Rd4 f5 23. Rfd1 Bc6 24. b3 Kf7 25. Rxd7+ Bxd7 26. Rxd7+ Kg6 27. Bxe4 fxe4 28. Rd6 Kf5 29. Rxb6 Ra7 30. Rd6 Rhh7 31. Rd2 Rhd7 32. Re2 Rd3 33. Kh3 Rad7 34. Bg5 e5 35. Re1 Rh7+ 0-1


[Site "https://www.chess.com"]

[Event "Titled Tuesday Blitz May 9 Early 2023"]
[White "Alahakoon, Isuru"]
[Black "Matinian, Nikita"]
[WhiteFideId "9900993"]
[BlackFideId "24129100"]
[WhiteElo "1953"]
[BlackElo "2422"]
[Result "1-0"]
[Round "02"]
[TimeControl "180+2"]
[Date "2023.05.09"]
[WhiteClock "0:00:11"]
[BlackClock "0:00:03"]

1. Nf3 Nf6 2. d4 g6 3. Nc3 d5 4. Bf4 c6 5. e3 Bg7 6. h4 Bg4 7. Be2 Nbd7 8. Qd2 b5 9. Ne5 Bxe2 10. Nxe2 Nxe5 11. Bxe5 Ne4 12. Qd3 Bxe5 13. dxe5 Qc7 14. f3 Nc5 15. Qc3 Ne6 16. O-O-O b4 17. Qxb4 Qxe5 18. Qc3 Qxc3 19. Nxc3 h5 20. e4 d4 21. Ne2 c5 22. c3 Rd8 23. cxd4 cxd4 24. Rd3 O-O 25. Rhd1 Rd6 26. Nxd4 Nf4 27. R3d2 Rc8+ 28. Kb1 Rcd8 29. g3 Nh3 30. Nb3 Rxd2 31. Rxd2 Rxd2 32. Nxd2 f5 33. e5 f4 34. gxf4 Nxf4 35. b4 Ng2 36. a4 Kf8 37. b5 Ke8 38. Kc2 Nxh4 39. Kd3 Nf5 40. Ke4 Kd7 41. Kf4 e6 42. Ne4 Kc7 43. Ng5 Nd4 44. Ke4 Ne2 45. Nxe6+ Kc8 46. Nd4 Nc3+ 47. Kf4 Nxa4 48. Kg5 Nc5 49. e6 Kd8 50. f4 Ke7 51. f5 gxf5 52. Kxf5 h4 53. Ke5 h3 54. Nf5+ Ke8 55. Kd6 h2 56. Ng3 Ne4+ 57. Nxe4 h1=Q 58. Nf6+ Kf8 59. e7+ Kf7 60. e8=Q+ Kxf6 61. Qf8+ Kg6 62. Qg8+ Kf6 63. Qe6+ Kg5 64. Qd5+ Qxd5+ 65. Kxd5 Kf6 66. Kc6 Ke5 67. Kb7 Kd6 68. Kxa7 1-0


[Site "https://www.chess.com"]